PL
BOSTON PATRIOTS @ NORTHERN VIRGINIA RAINBOW MERMAIDS
08/21/2042
 
TOP OF THE 1ST
Boston Patriots batting - Pitching for Northern Virginia Rainbow Mermaids : RHP Jason Starkey
Pitching: RHP Jason Starkey
Batting: SHB Eisse van Opdorp 0-0: Ball
1-0: Called Strike
1-1: SINGLE (Line Drive, 34D, EV 101.9 MPH)
Batting: LHB Juan Andrés Martí 0-0: Called Strike
0-1: SINGLE (Line Drive, 78S, EV 92.5 MPH)
Eisse van Opdorp to second
Batting: SHB Jae-woo Ohm 0-0: Fielders Choice at 2nd, 1-6 (Groundball, 13S, EV 70.0 MPH)
Eisse van Opdorp to third
Batting: LHB Jorge Herrera 0-0: Called Strike
0-1: Ball
1-1: Swinging Strike
1-2: Ball
2-2: SINGLE (Groundball, 25, EV 69.4 MPH) (infield hit)
Jae-woo Ohm to second
Batting: LHB Tural Bishara 0-0: Called Strike
0-1: Ball
1-1: Ball
2-1: Grounds into double play, 4-6-3 (Groundball, 4, EV 105.0 MPH)
Top of the 1st over - 0 runs, 3 hits, 0 errors, 2 left on base; Boston 0 - Northern Virginia 0
BOTTOM OF THE 1ST
Northern Virginia Rainbow Mermaids batting - Pitching for Boston Patriots : RHP Nicky Bogdan
Pitching: RHP Nicky Bogdan
Batting: LHB Sherman Kline 0-0: Ball
1-0: Foul Ball, location: 2F
1-1: SINGLE (Line Drive, 78S, EV 89.4 MPH)
Batting: LHB Tony Goodwin 0-0: Ball
Sherman Kline is caught stealing 2nd base 2-6
1-0: SINGLE (Groundball, 6D, EV 105.0 MPH)
Batting: RHB Manuel Márquez 0-0: Swinging Strike
0-1: Ball
Tony Goodwin steals 2nd base
1-1: Swinging Strike
1-2: Ball
2-2: Ball
3-2: Strikes out swinging
Batting: LHB Javier Seco 0-0: Called Strike
0-1: Called Strike
0-2: Ball
1-2: Strikes out swinging
Bottom of the 1st over - 0 runs, 2 hits, 0 errors, 1 left on base; Boston 0 - Northern Virginia 0
TOP OF THE 2ND
Boston Patriots batting - Pitching for Northern Virginia Rainbow Mermaids : RHP Jason Starkey
Batting: RHB Alfredo Araújo 0-0: Called Strike
0-1: Ground out 1-3 (Groundball, P, EV 80.6 MPH)
Batting: RHB Frank Ray 0-0: Swinging Strike
0-1: Ground out 6-3 (Groundball, 6, EV 88.8 MPH)
Batting: RHB Yu-shu Kang 0-0: Foul Ball, location: 2F
0-1: Ball
1-1: Swinging Strike
1-2: Ball
2-2: Strikes out swinging
Top of the 2nd over - 0 runs, 0 hits, 0 errors, 0 left on base; Boston 0 - Northern Virginia 0
BOTTOM OF THE 2ND
Northern Virginia Rainbow Mermaids batting - Pitching for Boston Patriots : RHP Nicky Bogdan
Batting: LHB Bill Dixon 0-0: Called Strike
0-1: DOUBLE (Line Drive, 7LS, EV 110.6 MPH)
Batting: RHB Lorenzo Varela 0-0: Ball
1-0: Foul Ball, location: 2F
1-1: SINGLE (Line Drive, 7S, EV 104.4 MPH)
Bill Dixon to third
Batting: RHB Nate Edwards 0-0: Called Strike
0-1: Called Strike
0-2: Strikes out swinging
Batting: LHB Rio Mence 0-0: Ball
1-0: Called Strike
1-1: Ball
2-1: Fielders Choice at 2nd, 3-6 (Groundball, 3, EV 80.6 MPH)
Bill Dixon scores
Batting: RHB Júlio Abarco 0-0: Ball
1-0: Foul Ball, location: 2F
1-1: Swinging Strike
1-2: Strikes out swinging
Bottom of the 2nd over - 1 run, 2 hits, 0 errors, 1 left on base; Boston 0 - Northern Virginia 1
TOP OF THE 3RD
Boston Patriots batting - Pitching for Northern Virginia Rainbow Mermaids : RHP Jason Starkey
Batting: RHB Juan Dávila 0-0: Ground out 6-3 (Groundball, 56, EV 90.0 MPH)
Batting: SHB Eisse van Opdorp 0-0: Swinging Strike
0-1: Ball
1-1: Foul Ball, location: 2F
1-2: Foul Ball, location: 2F
1-2: Ball
2-2: Foul Ball, location: 2F
2-2: Ball
3-2: Foul Ball, location: 2F
3-2: Foul Ball, location: 2F
3-2: Base on Balls
Batting: LHB Juan Andrés Martí 0-0: Fielders Choice at 2nd, 4-6 (Groundball, 34, EV 88.1 MPH)
Batting: SHB Jae-woo Ohm 0-0: Ball
1-0: Ball
2-0: Called Strike
2-1: Ball
3-1: Fly out, F9 (Flyball, 9S, EV 87.5 MPH)
Top of the 3rd over - 0 runs, 0 hits, 0 errors, 1 left on base; Boston 0 - Northern Virginia 1
BOTTOM OF THE 3RD
Northern Virginia Rainbow Mermaids batting - Pitching for Boston Patriots : RHP Nicky Bogdan
Batting: LHB Sherman Kline 0-0: Reached via error on a dropped throw from 1B, E1 (Groundball, 34, EV 103.1 MPH)
Batting: LHB Tony Goodwin 0-0: Ball
1-0: Called Strike
1-1: Ball
2-1: Fly out, F9 (Flyball, 89M, EV 85.0 MPH)
Batting: RHB Manuel Márquez 0-0: Called Strike
0-1: Foul Ball, location: 2F
0-2: Ball
1-2: Ball
2-2: SINGLE (Line Drive, 9LS, EV 112.5 MPH)
Sherman Kline to second
Batting: LHB Javier Seco 0-0: Called Strike
0-1: Grounds into double play, 1-6-3 (Groundball, P, EV 85.6 MPH)
Bottom of the 3rd over - 0 runs, 1 hit, 1 error, 1 left on base; Boston 0 - Northern Virginia 1
TOP OF THE 4TH
Boston Patriots batting - Pitching for Northern Virginia Rainbow Mermaids : RHP Jason Starkey
Batting: LHB Jorge Herrera 0-0: Called Strike
0-1: Called Strike
0-2: Strikes out swinging
Batting: LHB Tural Bishara 0-0: Swinging Strike
0-1: Ball
1-1: Ground out U3 (Groundball, 3, EV 78.1 MPH)
Batting: RHB Alfredo Araújo 0-0: Called Strike
0-1: Foul Ball, location: 2F
0-2: Foul Ball, location: 2F
0-2: Foul Ball, location: 2F
0-2: Foul Ball, location: 2F
0-2: Ball
1-2: SINGLE (Line Drive, 78S, EV 93.8 MPH)
Batting: RHB Frank Ray 0-0: Foul Ball, location: 2F
0-1: Ball
1-1: SINGLE (Flyball, 9LS, EV 86.9 MPH)
Alfredo Araújo to second
Batting: RHB Yu-shu Kang 0-0: Ball
1-0: Foul Ball, location: 2F
1-1: Fly out, F8 (Flyball, 8LXD, EV 101.9 MPH)
Top of the 4th over - 0 runs, 2 hits, 0 errors, 2 left on base; Boston 0 - Northern Virginia 1
BOTTOM OF THE 4TH
Northern Virginia Rainbow Mermaids batting - Pitching for Boston Patriots : RHP Nicky Bogdan
Batting: LHB Bill Dixon 0-0: Ball
1-0: Ball
2-0: Called Strike
2-1: Ball
3-1: Ground out U3 (Groundball, 34, EV 79.4 MPH)
Batting: RHB Lorenzo Varela 0-0: Ball
1-0: Called Strike
1-1: Swinging Strike
1-2: Strikes out swinging
Batting: RHB Nate Edwards 0-0: Ball
1-0: Ball
2-0: Foul Ball, location: 2F
2-1: Foul Ball, location: 2F
2-2: Ground out 5-3 (Groundball, 5, EV 106.9 MPH)
Bottom of the 4th over - 0 runs, 0 hits, 0 errors, 0 left on base; Boston 0 - Northern Virginia 1
TOP OF THE 5TH
Boston Patriots batting - Pitching for Northern Virginia Rainbow Mermaids : RHP Jason Starkey
Batting: RHB Juan Dávila 0-0: Ball
1-0: Fly out, F6 (Flyball, 56D, EV 91.9 MPH)
Batting: SHB Eisse van Opdorp 0-0: Ball
1-0: Called Strike
1-1: Ball
2-1: Fly out, F9 (Flyball, 9LSF, EV 75.0 MPH)
Batting: LHB Juan Andrés Martí 0-0: Ball
1-0: Ball
2-0: Ball
3-0: Called Strike
3-1: Base on Balls
Batting: SHB Jae-woo Ohm 0-0: Called Strike
Juan Andrés Martí steals 2nd base (no throw)
0-1: Fly out, F7 (Flyball, 78M, EV 90.6 MPH)
Top of the 5th over - 0 runs, 0 hits, 0 errors, 1 left on base; Boston 0 - Northern Virginia 1
BOTTOM OF THE 5TH
Northern Virginia Rainbow Mermaids batting - Pitching for Boston Patriots : RHP Nicky Bogdan
Batting: LHB Rio Mence 0-0: SOLO HOME RUN (Flyball, 9LD, EV 91.9 MPH), Distance : 337 ft
Batting: RHB Júlio Abarco 0-0: Foul Ball, location: 2F
0-1: Swinging Strike
0-2: Foul Ball, location: 2F
0-2: Foul Ball, location: 2F
0-2: Ball
1-2: Ball
2-2: Foul Ball, location: 2F
2-2: Strikes out swinging
Batting: LHB Sherman Kline 0-0: Called Strike
0-1: Ball
1-1: Foul Ball, location: 2F
1-2: Strikes out looking
Batting: LHB Tony Goodwin 0-0: Ball
1-0: Fly out, F8 (Line Drive, 8LM, EV 95.6 MPH)
Bottom of the 5th over - 1 run, 1 hit, 0 errors, 0 left on base; Boston 0 - Northern Virginia 2
TOP OF THE 6TH
Boston Patriots batting - Pitching for Northern Virginia Rainbow Mermaids : RHP Jason Starkey
Batting: LHB Jorge Herrera 0-0: Ball
1-0: Swinging Strike
1-1: Ball
2-1: Swinging Strike
2-2: Ball
3-2: Strikes out looking
Batting: LHB Tural Bishara 0-0: Foul Ball, location: 2F
0-1: Ball
1-1: Ball
2-1: Ball
3-1: SINGLE (Line Drive, 4D, EV 98.8 MPH)
Batting: RHB Alfredo Araújo 0-0: Foul Ball, location: 2F
0-1: Foul Ball, location: 2F
0-2: Grounds into double play, 1-6-3 (Groundball, 13S, EV 63.1 MPH)
Top of the 6th over - 0 runs, 1 hit, 0 errors, 0 left on base; Boston 0 - Northern Virginia 2
BOTTOM OF THE 6TH
Northern Virginia Rainbow Mermaids batting - Pitching for Boston Patriots : RHP Nicky Bogdan
Batting: RHB Manuel Márquez 0-0: Swinging Strike
0-1: Foul Ball, location: 2F
0-2: Fly out, F6 (Line Drive, 6, EV 70.6 MPH)
Batting: LHB Javier Seco 0-0: Ball
1-0: Swinging Strike
1-1: Ground out 6-3 (Groundball, 6M, EV 89.4 MPH)
Batting: LHB Bill Dixon 0-0: SINGLE (Groundball, 6S, EV 75.0 MPH) (infield hit)
Batting: RHB Lorenzo Varela 0-0: Ball
1-0: Foul Ball, location: 2F
1-1: Ball
2-1: Ball
3-1: Foul Ball, location: 2F
3-2: Ground out 5-3 (Groundball, 56, EV 84.4 MPH)
Bottom of the 6th over - 0 runs, 1 hit, 0 errors, 1 left on base; Boston 0 - Northern Virginia 2
TOP OF THE 7TH
Boston Patriots batting - Pitching for Northern Virginia Rainbow Mermaids : RHP Jason Starkey
Batting: RHB Frank Ray 0-0: Ball
1-0: Ground out 5-3 (Groundball, 5, EV 82.5 MPH)
Batting: RHB Yu-shu Kang 0-0: Ball
1-0: Ground out 4-3 (Groundball, 4, EV 86.9 MPH)
Batting: RHB Juan Dávila 0-0: Fly out, F8 (Flyball, 8LXD, EV 108.8 MPH)
Top of the 7th over - 0 runs, 0 hits, 0 errors, 0 left on base; Boston 0 - Northern Virginia 2
BOTTOM OF THE 7TH
Northern Virginia Rainbow Mermaids batting - Pitching for Boston Patriots : RHP Nicky Bogdan
Batting: RHB Nate Edwards 0-0: Swinging Strike
0-1: Foul Ball, location: 2F
0-2: Strikes out swinging
Batting: LHB Rio Mence 0-0: Called Strike
0-1: Ball
1-1: Ball
2-1: Swinging Strike
2-2: Strikes out swinging
Batting: RHB Júlio Abarco 0-0: Called Strike
0-1: Foul Ball, location: 2F
0-2: Ball
1-2: Ground out 6-3 (Groundball, 6, EV 82.5 MPH)
Bottom of the 7th over - 0 runs, 0 hits, 0 errors, 0 left on base; Boston 0 - Northern Virginia 2
TOP OF THE 8TH
Boston Patriots batting - Pitching for Northern Virginia Rainbow Mermaids : RHP Jason Starkey
Batting: SHB Eisse van Opdorp 0-0: Ball
1-0: Swinging Strike
1-1: Swinging Strike
1-2: Ball
2-2: Fly out, F9 (Flyball, 9, EV 90.0 MPH)
Batting: LHB Juan Andrés Martí 0-0: Called Strike
0-1: Called Strike
0-2: Ball
1-2: Ball
2-2: Foul Ball, location: 2F
2-2: Fly out, F9 (Flyball, 9S, EV 93.8 MPH)
Batting: SHB Jae-woo Ohm 0-0: Foul Ball, location: 2F
0-1: Ball
1-1: Fly out, F8 (Flyball, 8RS, EV 88.1 MPH)
Top of the 8th over - 0 runs, 0 hits, 0 errors, 0 left on base; Boston 0 - Northern Virginia 2
BOTTOM OF THE 8TH
Northern Virginia Rainbow Mermaids batting - Pitching for Boston Patriots : RHP Nicky Bogdan
Pitching: RHP Hikaru Yamaguchi
Batting: LHB Sherman Kline 0-0: Foul Ball, location: 2F
0-1: Fly out, F8 (Flyball, 8RS, EV 88.1 MPH)
Batting: LHB Tony Goodwin 0-0: Fly out, F7 (Flyball, 7LS, EV 93.1 MPH)
Pitching: RHP Kelemeneke Balun
Batting: RHB Manuel Márquez 0-0: Swinging Strike
0-1: Foul Ball, location: 2F
0-2: Strikes out swinging
Bottom of the 8th over - 0 runs, 0 hits, 0 errors, 0 left on base; Boston 0 - Northern Virginia 2
TOP OF THE 9TH
Boston Patriots batting - Pitching for Northern Virginia Rainbow Mermaids : RHP Jason Starkey
Pitching: RHP Ryunosuke Kurota
Batting: LHB Jorge Herrera 0-0: Fly out, F7 (Flyball, 7, EV 89.4 MPH)
Batting: LHB Tural Bishara 0-0: Ball
1-0: Called Strike
1-1: Swinging Strike
1-2: Foul Ball, location: 2F
1-2: Ball
2-2: Ball
3-2: Strikes out swinging
Batting: RHB Alfredo Araújo 0-0: Fly out, F9 (Flyball, 9LS, EV 85.6 MPH)
Top of the 9th over - 0 runs, 0 hits, 0 errors, 0 left on base; Boston 0 - Northern Virginia 2
Friday, March 26th, 2021 - OOTP Baseball 20.8 Build 74